 Dungeon Crawl Stone Soup version 0.28.0-47-ge53b351184 (webtiles) character file.

Game seed: 8516241793642977415

188 boopmooplesden the Chopper (level 5, 0/47 HPs)
             Began as a Minotaur Berserker on May 1, 2022.
             Was a Believer of Trog.
             Slain by an ogre
             ... wielding a +0 giant club
              (13 damage)
             ... on level 6 of the Dungeon.
             The game lasted 00:02:38 (2283 turns).

boopmooplesden the Chopper (Minotaur Berserker)     Turns: 2283, Time: 00:02:39

Health: 0/47       AC:  9    Str: 21    XL:     5   Next: 39%
Magic:  4/4        EV:  8    Int:  4    God:    Trog [**....]
Gold:   91         SH:  0    Dex: 12    Spells: 4/4 levels left

rFire   . . .      SeeInvis .   a - +1 hand axe
rCold   . . .      Faith    .   (no shield)
rNeg    . . .      Spirit   .   c - +0 chain mail
rPois   .          Reflect  .   (helmet restricted)
rElec   .          Harm     .   (no cloak)
rCorr   .          Rampage  .   (no gloves)
Will    .....                   (no boots)
Stlth   ..........              (no amulet)
HPRegen 0.15/turn               (no ring)
MPRegen 0.09/turn               (no ring)

@: on berserk cooldown, slowed, very slow
A: horns 2, retaliatory headbutt
a: Renounce Religion, Berserk, Trog's Hand


You were on level 6 of the Dungeon.
You worshipped Trog.
Trog was pleased with you.
You visited 1 branch of the dungeon, and saw 4 of its levels.

You collected 91 gold pieces.

Inventory:

Hand Weapons
 a - a +1 hand axe (weapon)
Armour
 b - a +0 animal skin
 c - a +0 chain mail (worn)
Scrolls
 h - 2 scrolls of identify
Potions
 d - a potion of invisibility {unknown}
 e - a potion of brilliance {unknown}


   Skills:
 + Level 4.8 Fighting
 + Level 5.6 Axes
 + Level 3.2 Armour
 + Level 3.2 Dodging
 + Level 0.2 Stealth


You had 4 spell levels left.
You didn't know any spells.
Your spell library was empty.

Dungeon Overview and Level Annotations

Branches:
Dungeon (3/15)

Altars:
Ashenzari


Innate Abilities, Weirdness & Mutations

You have a pair of horns on your head.
You reflexively headbutt those who attack you in melee.


Message History

You fall into a shaft and drop 3 floors!
The shaft crumbles and collapses.
Found four items.
g - a scroll labelled KOOSEVV CEGOXT
As you read the scroll labelled KOOSEVV CEGOXT, it crumbles to dust.
You feel strangely unstable.
It was a scroll of teleportation.
As you read the scroll labelled POIWNO FYENNO, it crumbles to dust.
It is a scroll of amnesia.
You feel forgetful for a moment.
Your surroundings suddenly seem different.
An ogre comes into view. It is wielding a +0 giant club.
Found a scroll of teleportation.
The ogre shouts!
You hear a shout!
A red film seems to cover your vision as you go berserk!
You feel yourself moving faster!
You feel mighty!
You feel a strong urge to attack something.
You slash the ogre!
The ogre is moderately wounded.
The ogre barely misses you.
You slash the ogre!
The ogre is severely wounded.
You slash the ogre!
You kill the ogre!
Trog accepts your kill.
Your Armour skill increases to level 3!
You have reached level 5!
Things that are here:
a +0 giant club; an ogre corpse You feel a strong urge to attack something.
You feel your anger nearly subside.
You are no longer berserk.
You are exhausted.
You feel yourself slow down.
Found a stone staircase leading down.
An ogre comes into view. It is wielding a +0 giant club.
The ogre hits you with a +0 giant club!
The ogre hits you with a +0 giant club!!
* * * LOW HITPOINT WARNING * * *
The ogre barely misses you. You furiously retaliate!
You headbutt the ogre! The ogre hits you with a +0 giant club!
You die...

#..............
#.............
#............
#......... #......
#...# # #.# ...####
#.# ...?...#### #@#
..........####O#
............#..##
................##
.................#
..................#
...................#
.................#....
.................##...


You could see an ogre.

Vanquished Creatures
  An ogre (D:6)
  4 adders (D:2)
  2 dart slugs
  3 endoplasms (D:1)
  5 goblins
  10 hobgoblins
  A jackal (D:3)
  3 kobolds
  5 quokkas
  6 ball pythons
  11 bats
  3 frilled lizards
  8 rats
62 creatures vanquished.

Notes
Turn   | Place    | Note
-------+----------+-------------------------------------------
     0 | D:1      | boopmooplesden the Minotaur Berserker began the quest for
                  | the Orb.
     0 | D:1      | Reached XP level 1. HP: 19/19 MP: 0/0
   385 | D:1      | Reached skill level 4 in Axes
   443 | D:1      | Reached XP level 2. HP: 22/27 MP: 1/1
   509 | D:1      | Found a faded altar of an unknown god.
   974 | D:1      | Reached XP level 3. HP: 29/33 MP: 2/2
  1129 | D:2      | Reached ** piety under Trog
  1475 | D:2      | Reached XP level 4. HP: 34/41 MP: 3/3
  1988 | D:3      | Found a broken altar of Ashenzari.
  2120 | D:3      | Reached skill level 5 in Axes
  2244 | D:3      | You fall into a shaft and drop 3 floors!
  2251 | D:6      | Noticed an ogre
  2267 | D:6      | Killed an ogre
  2268 | D:6      | Reached XP level 5. HP: 47/47 MP: 4/4
  2274 | D:6      | Noticed an ogre
  2283 | D:6      | Slain by an ogre

Illustrated notes

Levels and vault maps discovered:
D:1:      matt_arrival_los_fun, layout_loops_corners,
          chequers_ecumenical_altar_simple
D:2:      layout_loops_cross
D:3:      minmay_octagon_keep, layout_basic, nicolae_ashenzari_panopticon
D:6:      layout_cave_pods

Skill      XL: |  1  2  3  4 |
---------------+-------------+-----
Axes           | 4 5 |  5.6
Fighting       | 4 |  4.8
Dodging        | 3 |  3.2
Armour         | 3 |  3.2
Stealth        | |  0.2

Action                   |  1- 3 |  4- 6 || total
-------------------------+-------+-------++-------
Melee: Hand axe          |    76 |    46 ||   122
       Headbutt          |     9 |     6 ||    15
       Punch             |     1 |       ||     1
Invok: Berserk           |       |     1 ||     1
  Use: Scroll            |       |     7 ||     7
Armor: Chain mail        |    36 |    32 ||    68
       Animal skin       |     1 |       ||     1
Dodge: Dodged            |    45 |    26 ||    71
